Monsters vs Wolves
Created - June 21, 2022 at 21:05
Goals
|
| Monsters |
1 |
0 |
1 |
0 |
2 |
3 |
| Wolves |
1 |
1 |
0 |
0 |
0 |
2 |
|
Shots
|
| Monsters |
8 |
11 |
13 |
4 |
3 |
36 |
| Wolves |
20 |
11 |
9 |
4 |
2 |
44 |
|
1st period
1. Wolves , Eric Robinson 17 (Thomas Spelling 33, Laurent Brossoit) at 14:22 (PP)
2. Monsters , Matt Calvert 53 (Ondrej Kase 60, Dillon Heatherington 19) at 18:15
Penalties :
Tarmo Reunanen (Cle) for Hooking (Minor) at 9:43, Bobby Farnham (Cle) for Hooking (Minor) at 12:56, Lawson Crouse (Chi) for Hooking (Minor) at 19:48
2nd period
3. Wolves , Lawson Crouse 39 (Anton Lindholm 29) at 14:53
Penalties :
Jeff Petry (Chi) for Tripping (Minor) at 7:34, Jeff Petry (Chi) for Hooking (Minor) at 10:59
3rd period
4. Monsters , Matt Calvert 54 (Ondrej Kase 61, Jared Knight 21) at 16:18
Penalties :
Alexandre Grenier (Chi) for Cross-checking (Minor) at 9:54
Overtime #1
No Goal
Penalties :
No Penalty
Shootout
Monsters, Mitch Marner - Shot Misses the Net
Wolves, Alexandre Grenier - Shot Misses the Net
Monsters, Matt Calvert - Goal!
Wolves, Kyle Rau - Shot Misses the Net
Monsters, Christian Hanson - Goal!
Penalties :
No Penalty
Goalie Stats
Eric Comrie (Cle), 42 saves from 44 shots - (0.955), W, 27-13-4, 65:00 minutes
Laurent Brossoit (Chi), 34 saves from 36 shots - (0.944), OTL, 35-11-8, 65:00 minutes
Players Stats for Monsters
Player Name G A P +/- PIM S H SB GA TA FO MP PP MP PK MP
------------------------------------------------------------------------------------
Aaron Ness 0 0 0 -1 0 2 1 0 0 1 0/0 30:22 3:53 1:40
Austin Watson 0 0 0 0 0 4 3 0 0 0 0/1 11:22 0:06 0:33
Bobby Farnham 0 0 0 0 2 1 2 0 0 1 0/1 11:52 0:06 0:00
Cameron Hughes 0 0 0 0 0 0 0 0 0 0 0/0 0:47 0:00 0:00
Christian Hanson 0 0 0 0 0 3 2 0 0 0 17/32 22:49 4:39 1:03
Dillon Heatherington 0 1 1 1 0 1 1 0 0 2 0/0 24:04 4:03 1:45
Francis Perron 0 0 0 0 0 0 0 0 0 0 0/0 0:10 0:00 0:00
Jared Knight 0 1 1 1 0 2 1 1 1 0 6/12 17:56 3:11 0:46
Joakim Nordstrom 0 0 0 0 0 1 0 0 0 0 0/0 11:06 0:00 0:00
Marc Michaelis 0 0 0 0 0 0 0 0 0 0 0/0 0:00 0:00 0:00
Matt Calvert 2 0 2 1 0 6 1 0 2 1 0/1 20:34 4:39 1:43
Matt Grzelcyk 0 0 0 1 0 3 0 1 0 2 0/0 24:04 4:03 1:45
Maxim Mamin 0 0 0 0 0 1 1 0 0 0 2/5 9:08 0:06 0:00
Mitch Marner 0 0 0 0 0 3 2 0 0 1 3/3 21:49 4:39 0:00
Morgan Rielly 0 0 0 -1 0 1 4 1 0 5 0/0 30:23 3:53 1:40
Ondrej Kase 0 2 2 1 0 3 0 0 1 0 1/1 19:08 3:11 1:03
Patrik Laine 0 0 0 0 0 1 3 0 1 0 0/0 18:07 3:11 0:00
Richard Nejezchleb 0 0 0 0 0 4 1 0 0 1 0/0 8:48 0:00 0:00
Ryan Fitzgerald 0 0 0 0 0 0 1 0 1 1 2/6 12:48 0:00 1:42
Tarmo Reunanen 0 0 0 1 2 0 0 0 0 0 0/0 10:42 0:00 0:00
Victor Mete 0 0 0 1 0 0 0 0 0 0 0/0 10:34 0:00 0:00
Zac Dalpe 0 0 0 0 0 0 0 0 0 0 0/0 0:00 0:00 0:00
Players Stats for Wolves
Player Name G A P +/- PIM S H SB GA TA FO MP PP MP PK MP
------------------------------------------------------------------------------------
Alexandre Grenier 0 0 0 1 2 3 3 2 3 0 0/0 16:22 1:20 0:00
Anton Lindholm 0 1 1 -1 0 2 0 1 0 2 0/0 22:02 2:04 3:11
Antti Suomela 0 0 0 0 0 6 3 0 1 0 2/5 13:14 0:00 0:30
Dylan Coghlan 0 0 0 0 0 0 0 0 0 0 0/0 0:00 0:00 0:00
Eric Robinson 1 0 1 -2 0 2 1 2 0 1 0/0 19:29 2:05 3:14
Fredrik Olofsson 0 0 0 0 0 1 3 0 0 0 1/1 11:56 0:00 0:19
Jake Evans 0 0 0 0 0 5 2 0 1 1 1/3 8:46 0:00 0:00
Jakub Zboril 0 0 0 0 0 1 0 0 0 0 0/0 11:41 0:00 0:00
Jalen Chatfield 0 0 0 0 0 0 0 1 0 0 0/0 11:41 0:00 0:00
Jeff Petry 0 0 0 -1 4 1 0 3 0 1 0/0 20:13 2:04 1:38
Jeffrey Foss 0 0 0 0 0 0 0 2 0 0 0/0 25:51 1:21 4:45
Joe Morrow 0 0 0 0 0 3 1 2 1 0 0/0 25:51 1:21 4:45
Kale Clague 0 0 0 0 0 1 0 0 0 0 0/0 5:36 0:00 0:10
Kevin Stenlund 0 0 0 0 0 0 0 0 0 0 0/0 0:00 0:00 0:00
Kieffer Bellows 0 0 0 0 0 0 1 0 0 0 0/0 8:46 0:00 0:00
Kyle Rau 0 0 0 1 0 1 3 1 1 0 20/33 24:04 1:20 4:50
Lawson Crouse 1 0 1 1 2 2 3 1 1 0 0/2 22:18 1:20 3:20
Liam O'Brien 0 0 0 0 0 0 0 0 0 0 0/0 0:00 0:00 0:00
Matthew Highmore 0 0 0 0 0 0 0 0 0 0 0/0 0:00 0:00 0:00
Samuel Girard 0 0 0 0 0 0 0 0 0 0 0/0 7:13 0:00 1:23
Sebastian Aho 0 0 0 -2 0 2 3 0 3 1 7/16 17:13 2:05 1:47
Thomas Spelling 0 1 1 -2 0 5 2 1 2 0 0/2 18:06 2:05 1:52
Victor Olofsson 0 0 0 0 0 7 0 0 2 0 0/0 12:52 0:00 0:00
Wade Allison 0 0 0 0 0 2 1 1 0 0 0/0 8:46 0:00 0:00
Zachary Senyshyn 0 0 0 0 0 0 0 0 0 0 0/0 0:00 0:00 0:00
3 Stars
1 - Eric Comrie (Cle)
2 - Matt Calvert (Cle)
3 - Laurent Brossoit (Chi)
Power Play
Monsters - 0 on 4 Attempt(s) - 0.00%
Wolves - 1 on 2 Attempt(s) - 50.00%
Penalty Kill
Monsters - 1 on 2 Attempt(s) - 50.00%
- Score 0 goal in Penalty Kill
Wolves - 4 on 4 Attempt(s) - 100.00%
- Score 0 goal in Penalty Kill
Team Stat
Monsters - Hits : 23 - Faceoff Wins : 31 - Blocked Shots : 3 - Penalty Minutes : 4
Wolves - Hits : 26 - Faceoff Wins : 31 - Blocked Shots : 17 - Penalty Minutes : 8
Official
Referees : Francis Charron and Tom Chmielewski
Linesman : Greg Devorski and Brian Mach
Game Notes
No Game Note
Finance
Level 1 -- Attendance: 1882 (94.10%) -- Ticket Income $65,870
Level 2 -- Attendance: 1000 (100.00%) -- Ticket Income $15,000
Total Attendance: 2882 (96.07%)
Total Ticket Income: $80,870
Other Income: $4,044
Total Income: $84,914
Monsters
5 vs 5 Forward
Center Left Wing Right Wing Time % Phy DF OF
1 Christian Hanson Patrik Laine Mitch Marner 40 1 2 2
2 Jared Knight Matt Calvert Ondrej Kase 30 1 2 2
3 Ryan Fitzgerald Joakim Nordstrom Bobby Farnham 20 1 2 2
4 Maxim Mamin Austin Watson Richard Nejezchleb 10 1 2 2
5 vs 5 Defense
Defense Defense Time % Phy DF OF
1 Morgan Rielly Aaron Ness 40 1 2 2
2 Dillon Heatherington Matt Grzelcyk 30 1 2 2
3 Victor Mete Tarmo Reunanen 20 1 2 2
4 Morgan Rielly Aaron Ness 10 1 2 2
PowerPlay Forward
Center Left Wing Right Wing Time % Phy DF OF
1 Christian Hanson Matt Calvert Mitch Marner 60 1 2 2
2 Jared Knight Patrik Laine Ondrej Kase 40 1 2 2
PowerPlay Defense
Defense Defense Time % Phy DF OF
1 Morgan Rielly Aaron Ness 60 1 2 2
2 Dillon Heatherington Matt Grzelcyk 40 1 2 2
Penalty Kill 4 Players Forward
Center Wing Time % Phy DF OF
1 Ryan Fitzgerald Matt Calvert 60 1 2 2
2 Christian Hanson Ondrej Kase 40 1 2 2
Penalty Kill 4 Players Defense
Defense Defense Time % Phy DF OF
1 Morgan Rielly Aaron Ness 60 1 2 2
2 Dillon Heatherington Matt Grzelcyk 40 1 2 2
Penalty Kill - 3 Players Forward
Forward Time % Phy DF OF
1 Christian Hanson 60 1 2 2
2 Matt Calvert 40 1 2 2
Penalty Kill - 3 Players Defense
Defense Defense Time % Phy DF OF
1 Morgan Rielly Aaron Ness 60 1 2 2
2 Dillon Heatherington Matt Grzelcyk 40 1 2 2
4 vs 4 Forward
Center Wing Time % Phy DF OF
1 Christian Hanson Mitch Marner 60 1 2 2
2 Jared Knight Ondrej Kase 40 1 2 2
4 vs 4 Defense
Defense Defense Time % Phy DF OF
1 Morgan Rielly Aaron Ness 60 1 2 2
2 Dillon Heatherington Matt Grzelcyk 40 1 2 2
Last Minutes Offensive
Center Left Wing Right Wing Defense Defense
Christian Hanson Matt Calvert Ondrej Kase Morgan Rielly Aaron Ness
Last Minutes Defensive
Center Left Wing Right Wing Defense Defense
Jared Knight Matt Calvert Ondrej Kase Morgan Rielly Aaron Ness
Goaltenders
Starting : Eric Comrie
Backup : Phoenix Copley
Extra Forwards
Normal : Mitch Marner, Matt Calvert, Ondrej Kase - PP : Maxim Mamin, Jared Knight - PK : Jared Knight
Extra Defensemen
Normal : Victor Mete, Tarmo Reunanen, Dillon Heatherington - PP : Victor Mete - PK : Tarmo Reunanen, Dillon Heatherington
Penalty Shots
Mitch Marner, Matt Calvert, Christian Hanson, Ondrej Kase, Patrik Laine
Scratches
Nathan Noel (Healthy), Peyton Jones (Healthy)
Wolves
5 vs 5 Forward
Center Left Wing Right Wing Time % Phy DF OF
1 Kyle Rau Lawson Crouse Alexandre Grenier 40 1 2 2
2 Sebastian Aho Eric Robinson Thomas Spelling 30 1 2 2
3 Antti Suomela Fredrik Olofsson Victor Olofsson 20 1 2 2
4 Jake Evans Kieffer Bellows Wade Allison 10 1 2 2
5 vs 5 Defense
Defense Defense Time % Phy DF OF
1 Jeffrey Foss Joe Morrow 40 1 2 2
2 Anton Lindholm Jeff Petry 30 1 2 2
3 Jakub Zboril Jalen Chatfield 20 1 2 2
4 Samuel Girard Kale Clague 10 1 2 2
PowerPlay Forward
Center Left Wing Right Wing Time % Phy DF OF
1 Kyle Rau Lawson Crouse Alexandre Grenier 60 1 2 2
2 Sebastian Aho Eric Robinson Thomas Spelling 40 1 2 2
PowerPlay Defense
Defense Defense Time % Phy DF OF
1 Jeffrey Foss Joe Morrow 60 1 2 2
2 Anton Lindholm Jeff Petry 40 1 2 2
Penalty Kill 4 Players Forward
Center Wing Time % Phy DF OF
1 Kyle Rau Lawson Crouse 60 1 2 2
2 Sebastian Aho Eric Robinson 40 1 2 2
Penalty Kill 4 Players Defense
Defense Defense Time % Phy DF OF
1 Jeffrey Foss Joe Morrow 60 1 2 2
2 Anton Lindholm Jeff Petry 40 1 2 2
Penalty Kill - 3 Players Forward
Forward Time % Phy DF OF
1 Kyle Rau 60 1 2 2
2 Sebastian Aho 40 1 2 2
Penalty Kill - 3 Players Defense
Defense Defense Time % Phy DF OF
1 Jeffrey Foss Joe Morrow 60 1 2 2
2 Anton Lindholm Jeff Petry 40 1 2 2
4 vs 4 Forward
Center Wing Time % Phy DF OF
1 Kyle Rau Lawson Crouse 60 1 2 2
2 Sebastian Aho Eric Robinson 40 1 2 2
4 vs 4 Defense
Defense Defense Time % Phy DF OF
1 Jeffrey Foss Joe Morrow 60 1 2 2
2 Anton Lindholm Jeff Petry 40 1 2 2
Last Minutes Offensive
Center Left Wing Right Wing Defense Defense
Kyle Rau Lawson Crouse Alexandre Grenier Jeffrey Foss Joe Morrow
Last Minutes Defensive
Center Left Wing Right Wing Defense Defense
Kyle Rau Lawson Crouse Alexandre Grenier Jeffrey Foss Joe Morrow
Goaltenders
Starting : Laurent Brossoit
Backup : Ebbe Siönäs
Extra Forwards
Normal : Thomas Spelling, Victor Olofsson, Antti Suomela - PP : Thomas Spelling, Victor Olofsson - PK : Thomas Spelling
Extra Defensemen
Normal : Samuel Girard, Kale Clague, Dylan Coghlan - PP : Samuel Girard - PK : Samuel Girard, Kale Clague
Penalty Shots
Alexandre Grenier, Kyle Rau, Sebastian Aho, Lawson Crouse, Thomas Spelling
Scratches
Joona Koppanen (Healthy), Sergei Kostenko (Healthy)
% Time on Ice - Monsters
Lines # - Real PCT - Wanted PCT - Time Play
Normal Forward
1 - 33% - 40% - 15:53
2 - 26% - 30% - 12:52
3 - 23% - 20% - 11:06
4 - 18% - 10% - 8:48
Normal Defense
1 - 40% - 40% - 19:36
2 - 33% - 30% - 16:07
3 - 22% - 20% - 10:33
4 - 5% - 10% - 2:23
PP Forward
1 - 60% - 60% - 4:45
2 - 40% - 40% - 3:11
PP Defense
1 - 49% - 60% - 3:53
2 - 51% - 40% - 4:03
PK Forward
1 - 69% - 60% - 2:22
2 - 31% - 40% - 1:03
PK Defense
1 - 49% - 60% - 1:40
2 - 51% - 40% - 1:45
PK3 Forward
1 - 0% - 60%
2 - 0% - 40%
PK3 Defense
1 - 0% - 60%
2 - 0% - 40%
44 Forward
1 - 81% - 60% - 4:03
2 - 19% - 40% - 0:57
44 Defense
1 - 57% - 60% - 2:51
2 - 43% - 40% - 2:09
Last Minute Offensive - 0:00
Last Minute Defensive - 0:00
Total
Forward - 65:00
Defense - 65:00
|
% Time on Ice - Wolves
Lines # - Real PCT - Wanted PCT - Time Play
Normal Forward
1 - 33% - 40% - 16:06
2 - 25% - 30% - 12:10
3 - 24% - 20% - 11:37
4 - 18% - 10% - 8:46
Normal Defense
1 - 35% - 40% - 17:05
2 - 30% - 30% - 14:49
3 - 24% - 20% - 11:41
4 - 10% - 10% - 5:04
PP Forward
1 - 39% - 60% - 1:20
2 - 61% - 40% - 2:05
PP Defense
1 - 40% - 60% - 1:21
2 - 60% - 40% - 2:04
PK Forward
1 - 78% - 60% - 6:09
2 - 22% - 40% - 1:47
PK Defense
1 - 60% - 60% - 4:45
2 - 40% - 40% - 3:11
PK3 Forward
1 - 0% - 60%
2 - 0% - 40%
PK3 Defense
1 - 0% - 60%
2 - 0% - 40%
44 Forward
1 - 76% - 60% - 3:49
2 - 24% - 40% - 1:11
44 Defense
1 - 53% - 60% - 2:40
2 - 47% - 40% - 2:20
Last Minute Offensive - 0:00
Last Minute Defensive - 0:00
Total
Forward - 65:00
Defense - 65:00
|
Play-by-Play
1st period
0:01 of 1st period - Kyle Rau wins face-off versus Christian Hanson in neutral zone.
0:14 of 1st period - Slapshot by Patrik Laine.
0:14 of 1st period - Shot Hit the Post.
0:16 of 1st period - Slapshot by Aaron Ness.
0:16 of 1st period - Stopped by Laurent Brossoit without a rebound.
0:17 of 1st period - Jared Knight wins face-off versus Sebastian Aho in Wolves zone.
1:41 of 1st period - Wrist shot by Jalen Chatfield.
1:41 of 1st period - Shot Misses the Net.
1:55 of 1st period - Jakub Zboril is hit by Austin Watson and loses puck.
2:17 of 1st period - Wrist shot by Antti Suomela.
2:17 of 1st period - Stopped by Eric Comrie without a rebound.
2:18 of 1st period - Kyle Rau wins face-off versus Christian Hanson in Monsters zone.
2:56 of 1st period - Sebastian Aho is hit by Bobby Farnham and loses puck.
3:49 of 1st period - Snap shot by Joakim Nordstrom.
3:49 of 1st period - Shot Misses the Net.
4:22 of 1st period - Kale Clague is hit by Matt Calvert and loses puck.
5:03 of 1st period - Backhand shot by Christian Hanson.
5:03 of 1st period - Shot Blocked by Wade Allison.
5:05 of 1st period - Backhand shot by Mitch Marner.
5:05 of 1st period - Shot Misses the Net.
5:17 of 1st period - Slapshot by Kyle Rau.
5:17 of 1st period - Stopped by Eric Comrie with a rebound.
5:33 of 1st period - Sebastian Aho is hit by Austin Watson.
5:49 of 1st period - Backhand shot by Bobby Farnham.
5:49 of 1st period - Stopped by Laurent Brossoit with a rebound.
5:51 of 1st period - Wrist shot by Matt Grzelcyk.
5:51 of 1st period - Stopped by Laurent Brossoit without a rebound.
5:52 of 1st period - Kyle Rau wins face-off versus Ryan Fitzgerald in Wolves zone.
6:17 of 1st period - Christian Hanson is hit by Sebastian Aho and loses puck.
6:28 of 1st period - Slapshot by Thomas Spelling.
6:28 of 1st period - Shot Misses the Net.
6:41 of 1st period - Icing by Matt Calvert.
6:42 of 1st period - Jared Knight wins face-off versus Jake Evans in Monsters zone.
6:55 of 1st period - Slapshot by Jake Evans.
6:55 of 1st period - Stopped by Eric Comrie with a rebound.
6:57 of 1st period - Slapshot by Anton Lindholm.
6:57 of 1st period - Deflect By Jake Evans.
6:57 of 1st period - Stopped by Eric Comrie with a rebound.
7:31 of 1st period - Aaron Ness is hit by Alexandre Grenier and loses puck.
7:52 of 1st period - Snap shot by Kyle Rau.
7:52 of 1st period - Shot Misses the Net.
7:54 of 1st period - Slapshot by Anton Lindholm.
7:54 of 1st period - Shot Misses the Net.
7:56 of 1st period - Slapshot by Anton Lindholm.
7:56 of 1st period - Shot Blocked by Morgan Rielly.
8:04 of 1st period - Snap shot by Morgan Rielly.
8:04 of 1st period - Deflect By Austin Watson.
8:04 of 1st period - Shot Misses the Net.
8:04 of 1st period - Puck is out of play.
8:05 of 1st period - Christian Hanson wins face-off versus Sebastian Aho in Wolves zone.
8:32 of 1st period - Jared Knight is hit by Antti Suomela and loses puck.
8:37 of 1st period - Snap shot by Victor Olofsson.
8:37 of 1st period - Stopped by Eric Comrie with a rebound.
8:39 of 1st period - Slapshot by Kale Clague.
8:39 of 1st period - Stopped by Eric Comrie with a rebound.
9:31 of 1st period - Wrist shot by Antti Suomela.
9:31 of 1st period - Stopped by Eric Comrie without a rebound.
9:32 of 1st period - Sebastian Aho wins face-off versus Christian Hanson in Monsters zone.
9:40 of 1st period - Off-side.
9:41 of 1st period - Christian Hanson wins face-off versus Sebastian Aho in neutral zone.
9:43 of 1st period - Minor Penalty to Tarmo Reunanen for Hooking.
9:44 of 1st period - Kyle Rau wins face-off versus Ryan Fitzgerald in Monsters zone.
11:27 of 1st period - Slapshot by Christian Hanson.
11:27 of 1st period - Stopped by Laurent Brossoit with a rebound.
11:40 of 1st period - Icing by Lawson Crouse.
11:41 of 1st period - Kyle Rau wins face-off versus Austin Watson in Wolves zone.
11:43 of 1st period - Penalty to Tarmo Reunanen is over, Tarmo Reunanen is back on ice.
11:52 of 1st period - Snap shot by Jake Evans.
11:52 of 1st period - Stopped by Eric Comrie without a rebound.
11:53 of 1st period - Christian Hanson wins face-off versus Jake Evans in Monsters zone.
12:50 of 1st period - Snap shot by Victor Olofsson.
12:50 of 1st period - Stopped by Eric Comrie with a rebound.
12:56 of 1st period - Minor Penalty to Bobby Farnham for Hooking.
12:57 of 1st period - Ryan Fitzgerald wins face-off versus Kyle Rau in Monsters zone.
13:22 of 1st period - Morgan Rielly is hit by Sebastian Aho and loses puck.
14:20 of 1st period - Wrist shot by Eric Robinson.
14:20 of 1st period - Shot Misses the Net.
14:22 of 1st period - Snap shot by Eric Robinson.
14:22 of 1st period - Goal by Eric Robinson - Monsters : 0 - Wolves : 1.
14:23 of 1st period - Christian Hanson wins face-off versus Kyle Rau in neutral zone.
14:41 of 1st period - Patrik Laine is hit by Lawson Crouse.
15:29 of 1st period - Snap shot by Maxim Mamin.
15:29 of 1st period - Shot Misses the Net.
15:43 of 1st period - Slapshot by Victor Olofsson.
15:43 of 1st period - Stopped by Eric Comrie with a rebound.
15:53 of 1st period - Anton Lindholm is hit by Maxim Mamin and loses puck.
16:00 of 1st period - Wrist shot by Richard Nejezchleb.
16:00 of 1st period - Shot Misses the Net.
16:06 of 1st period - Snap shot by Richard Nejezchleb.
16:06 of 1st period - Stopped by Laurent Brossoit with a rebound.
16:14 of 1st period - Slapshot by Victor Olofsson.
16:14 of 1st period - Stopped by Eric Comrie with a rebound.
16:16 of 1st period - Slapshot by Jeff Petry.
16:16 of 1st period - Deflect By Victor Olofsson.
16:16 of 1st period - Stopped by Eric Comrie with a rebound.
16:18 of 1st period - Slapshot by Anton Lindholm.
16:18 of 1st period - Stopped by Eric Comrie with a rebound.
16:20 of 1st period - Slapshot by Anton Lindholm.
16:20 of 1st period - Stopped by Eric Comrie with a rebound.
16:22 of 1st period - Snap shot by Fredrik Olofsson.
16:22 of 1st period - Stopped by Eric Comrie without a rebound.
16:23 of 1st period - Christian Hanson wins face-off versus Lawson Crouse in Monsters zone.
16:32 of 1st period - Snap shot by Patrik Laine.
16:32 of 1st period - Shot Misses the Net.
17:15 of 1st period - Jalen Chatfield is hit by Morgan Rielly and loses puck.
17:26 of 1st period - Backhand shot by Alexandre Grenier.
17:26 of 1st period - Stopped by Eric Comrie with a rebound.
17:28 of 1st period - Snap shot by Alexandre Grenier.
17:28 of 1st period - Stopped by Eric Comrie without a rebound.
17:29 of 1st period - Christian Hanson wins face-off versus Kyle Rau in Monsters zone.
18:01 of 1st period - Snap shot by Ondrej Kase.
18:01 of 1st period - Stopped by Laurent Brossoit without a rebound.
18:02 of 1st period - Ondrej Kase wins face-off versus Sebastian Aho in Wolves zone.
18:05 of 1st period - Snap shot by Matt Calvert.
18:05 of 1st period - Shot Misses the Net.
18:07 of 1st period - Slapshot by Dillon Heatherington.
18:07 of 1st period - Stopped by Laurent Brossoit with a rebound.
18:09 of 1st period - Snap shot by Ondrej Kase.
18:09 of 1st period - Shot Misses the Net.
18:15 of 1st period - Snap shot by Matt Calvert.
18:15 of 1st period - Goal by Matt Calvert - Monsters : 1 - Wolves : 1.
18:16 of 1st period - Mitch Marner wins face-off versus Kyle Rau in neutral zone.
19:31 of 1st period - Wrist shot by Jake Evans.
19:31 of 1st period - Stopped by Eric Comrie with a rebound.
19:33 of 1st period - Snap shot by Jake Evans.
19:33 of 1st period - Deflect By Wade Allison.
19:33 of 1st period - Stopped by Eric Comrie without a rebound.
19:34 of 1st period - Kyle Rau wins face-off versus Christian Hanson in Monsters zone.
19:48 of 1st period - Minor Penalty to Lawson Crouse for Hooking.
19:49 of 1st period - Kyle Rau wins face-off versus Christian Hanson in Wolves zone.
Goals for this period are 1 for Monsters vs 1 for Wolves.
Shots for this period are 8 for Monsters vs 20 for Wolves.
2nd period
0:01 of 2nd period - Mitch Marner wins face-off versus Kyle Rau in neutral zone.
1:22 of 2nd period - Backhand shot by Thomas Spelling.
1:22 of 2nd period - Stopped by Eric Comrie without a rebound.
1:23 of 2nd period - Christian Hanson wins face-off versus Thomas Spelling in Monsters zone.
1:34 of 2nd period - Eric Robinson is hit by Patrik Laine and loses puck.
1:48 of 2nd period - Penalty to Lawson Crouse is over, Lawson Crouse is back on ice.
1:55 of 2nd period - Snap shot by Maxim Mamin.
1:55 of 2nd period - Shot Blocked by Lawson Crouse.
2:11 of 2nd period - Wrist shot by Thomas Spelling.
2:11 of 2nd period - Stopped by Eric Comrie with a rebound.
2:15 of 2nd period - Backhand shot by Joe Morrow.
2:15 of 2nd period - Stopped by Eric Comrie without a rebound.
2:16 of 2nd period - Antti Suomela wins face-off versus Jared Knight in Monsters zone.
2:27 of 2nd period - Snap shot by Morgan Rielly.
2:27 of 2nd period - Deflect By Matt Calvert.
2:27 of 2nd period - Stopped by Laurent Brossoit with a rebound.
3:12 of 2nd period - Slapshot by Ryan Fitzgerald.
3:12 of 2nd period - Deflect By Joakim Nordstrom.
3:12 of 2nd period - Shot Blocked by Thomas Spelling.
3:12 of 2nd period - Puck is out of play.
3:13 of 2nd period - Antti Suomela wins face-off versus Jared Knight in Wolves zone.
3:42 of 2nd period - Off-side.
3:43 of 2nd period - Christian Hanson wins face-off versus Kyle Rau in neutral zone.
3:46 of 2nd period - Alexandre Grenier is hit by Morgan Rielly and loses puck.
4:14 of 2nd period - Snap shot by Ryan Fitzgerald.
4:14 of 2nd period - Deflect By Joakim Nordstrom.
4:14 of 2nd period - Shot Misses the Net.
4:14 of 2nd period - Puck is out of play.
4:15 of 2nd period - Sebastian Aho wins face-off versus Jared Knight in Wolves zone.
5:10 of 2nd period - Dillon Heatherington is hit by Kyle Rau and loses puck.
5:21 of 2nd period - Wrist shot by Joakim Nordstrom.
5:21 of 2nd period - Shot Blocked by Jeff Petry.
5:41 of 2nd period - Wrist shot by Thomas Spelling.
5:41 of 2nd period - Deflect By Eric Robinson.
5:41 of 2nd period - Stopped by Eric Comrie without a rebound.
5:42 of 2nd period - Maxim Mamin wins face-off versus Sebastian Aho in Monsters zone.
6:14 of 2nd period - Snap shot by Austin Watson.
6:14 of 2nd period - Stopped by Laurent Brossoit with a rebound.
6:30 of 2nd period - Lawson Crouse is hit by Christian Hanson.
6:44 of 2nd period - Patrik Laine is hit by Kyle Rau and loses puck.
7:06 of 2nd period - Off-side.
7:07 of 2nd period - Jared Knight wins face-off versus Sebastian Aho in neutral zone.
7:14 of 2nd period - Slapshot by Ondrej Kase.
7:14 of 2nd period - Shot Blocked by Eric Robinson.
7:34 of 2nd period - Minor Penalty to Jeff Petry for Tripping.
7:35 of 2nd period - Kyle Rau wins face-off versus Christian Hanson in Wolves zone.
7:42 of 2nd period - Wrist shot by Mitch Marner.
7:42 of 2nd period - Shot Blocked by Jeffrey Foss.
7:44 of 2nd period - Snap shot by Mitch Marner.
7:44 of 2nd period - Stopped by Laurent Brossoit with a rebound.
8:24 of 2nd period - Icing by Matt Grzelcyk.
8:25 of 2nd period - Kyle Rau wins face-off versus Jared Knight in Monsters zone.
8:54 of 2nd period - Dillon Heatherington is hit by Kyle Rau and loses puck.
9:34 of 2nd period - Penalty to Jeff Petry is over, Jeff Petry is back on ice.
9:57 of 2nd period - Snap shot by Antti Suomela.
9:57 of 2nd period - Deflect By Morgan Rielly.
9:57 of 2nd period - Stopped by Eric Comrie without a rebound.
9:58 of 2nd period - Sebastian Aho wins face-off versus Maxim Mamin in Monsters zone.
10:07 of 2nd period - Thomas Spelling is hit by Richard Nejezchleb.
10:11 of 2nd period - Snap shot by Austin Watson.
10:11 of 2nd period - Stopped by Laurent Brossoit with a rebound.
10:13 of 2nd period - Wrist shot by Austin Watson.
10:13 of 2nd period - Stopped by Laurent Brossoit with a rebound.
10:23 of 2nd period - Morgan Rielly is hit by Fredrik Olofsson and loses puck.
10:56 of 2nd period - Off-side.
10:57 of 2nd period - Kyle Rau wins face-off versus Christian Hanson in neutral zone.
10:59 of 2nd period - Minor Penalty to Jeff Petry for Hooking.
11:00 of 2nd period - Kyle Rau wins face-off versus Christian Hanson in Wolves zone.
11:11 of 2nd period - Snap shot by Christian Hanson.
11:11 of 2nd period - Shot Blocked by Jeffrey Foss.
11:13 of 2nd period - Wrist shot by Christian Hanson.
11:13 of 2nd period - Shot Blocked by Joe Morrow.
11:15 of 2nd period - Slapshot by Christian Hanson.
11:15 of 2nd period - Stopped by Laurent Brossoit with a rebound.
12:16 of 2nd period - Eric Robinson is hit by Mitch Marner and loses puck.
12:59 of 2nd period - Penalty to Jeff Petry is over, Jeff Petry is back on ice.
14:13 of 2nd period - Wrist shot by Sebastian Aho.
14:13 of 2nd period - Stopped by Eric Comrie with a rebound.
14:15 of 2nd period - Snap shot by Victor Olofsson.
14:15 of 2nd period - Stopped by Eric Comrie with a rebound.
14:17 of 2nd period - Wrist shot by Antti Suomela.
14:17 of 2nd period - Stopped by Eric Comrie without a rebound.
14:18 of 2nd period - Christian Hanson wins face-off versus Antti Suomela in Monsters zone.
14:53 of 2nd period - Wrist shot by Lawson Crouse.
14:53 of 2nd period - Goal by Lawson Crouse - Monsters : 1 - Wolves : 2.
14:54 of 2nd period - Christian Hanson wins face-off versus Kyle Rau in neutral zone.
15:19 of 2nd period - Jared Knight is hit by Eric Robinson and loses puck.
15:28 of 2nd period - Snap shot by Matt Calvert.
15:28 of 2nd period - Stopped by Laurent Brossoit with a rebound.
15:40 of 2nd period - Wrist shot by Jared Knight.
15:40 of 2nd period - Stopped by Laurent Brossoit without a rebound.
15:41 of 2nd period - Fredrik Olofsson wins face-off versus Ryan Fitzgerald in Wolves zone.
15:56 of 2nd period - Anton Lindholm is hit by Morgan Rielly and loses puck.
16:28 of 2nd period - Snap shot by Matt Calvert.
16:28 of 2nd period - Shot Misses the Net.
16:30 of 2nd period - Slapshot by Ondrej Kase.
16:30 of 2nd period - Shot Blocked by Eric Robinson.
16:32 of 2nd period - Wrist shot by Ondrej Kase.
16:32 of 2nd period - Stopped by Laurent Brossoit with a rebound.
16:34 of 2nd period - Snap shot by Aaron Ness.
16:34 of 2nd period - Deflect By Thomas Spelling.
16:34 of 2nd period - Stopped by Laurent Brossoit without a rebound.
16:35 of 2nd period - Jared Knight wins face-off versus Sebastian Aho in Wolves zone.
16:46 of 2nd period - Snap shot by Jared Knight.
16:46 of 2nd period - Stopped by Laurent Brossoit without a rebound.
16:47 of 2nd period - Christian Hanson wins face-off versus Kyle Rau in Wolves zone.
16:56 of 2nd period - Snap shot by Mitch Marner.
16:56 of 2nd period - Shot Blocked by Alexandre Grenier.
17:21 of 2nd period - Mitch Marner is hit by Fredrik Olofsson and loses puck.
17:54 of 2nd period - Ondrej Kase is hit by Wade Allison and loses puck.
17:59 of 2nd period - Wrist shot by Jake Evans.
17:59 of 2nd period - Shot Misses the Net.
18:01 of 2nd period - Wrist shot by Jake Evans.
18:01 of 2nd period - Stopped by Eric Comrie without a rebound.
18:02 of 2nd period - Kyle Rau wins face-off versus Ryan Fitzgerald in Monsters zone.
18:03 of 2nd period - Wrist shot by Alexandre Grenier.
18:03 of 2nd period - Stopped by Eric Comrie without a rebound.
18:04 of 2nd period - Ryan Fitzgerald wins face-off versus Kyle Rau in Monsters zone.
18:39 of 2nd period - Sebastian Aho is hit by Patrik Laine.
18:51 of 2nd period - Matt Grzelcyk is hit by Antti Suomela and loses puck.
18:56 of 2nd period - Snap shot by Victor Olofsson.
18:56 of 2nd period - Shot Misses the Net.
18:58 of 2nd period - Wrist shot by Victor Olofsson.
18:58 of 2nd period - Shot Misses the Net.
19:12 of 2nd period - Wade Allison is hit by Dillon Heatherington and loses puck.
19:40 of 2nd period - Joe Morrow is hit by Morgan Rielly.
19:56 of 2nd period - Alexandre Grenier is hit by Bobby Farnham and loses puck.
Goals for this period are 0 for Monsters vs 1 for Wolves.
Shots for this period are 11 for Monsters vs 11 for Wolves.
3rd period
0:01 of 3rd period - Kyle Rau wins face-off versus Christian Hanson in neutral zone.
0:31 of 3rd period - Slapshot by Joe Morrow.
0:31 of 3rd period - Stopped by Eric Comrie with a rebound.
0:37 of 3rd period - Antti Suomela is hit by Christian Hanson and loses puck.
0:42 of 3rd period - Snap shot by Mitch Marner.
0:42 of 3rd period - Shot Blocked by Joe Morrow.
1:11 of 3rd period - Snap shot by Mitch Marner.
1:11 of 3rd period - Stopped by Laurent Brossoit with a rebound.
1:13 of 3rd period - Wrist shot by Mitch Marner.
1:13 of 3rd period - Deflect By Patrik Laine.
1:13 of 3rd period - Stopped by Laurent Brossoit without a rebound.
1:14 of 3rd period - Kyle Rau wins face-off versus Jared Knight in Wolves zone.
1:43 of 3rd period - Icing by Ryan Fitzgerald.
1:44 of 3rd period - Sebastian Aho wins face-off versus Bobby Farnham in Monsters zone.
1:51 of 3rd period - Wrist shot by Thomas Spelling.
1:51 of 3rd period - Stopped by Eric Comrie without a rebound.
1:52 of 3rd period - Kyle Rau wins face-off versus Jared Knight in Monsters zone.
2:35 of 3rd period - Icing by Joakim Nordstrom.
2:36 of 3rd period - Christian Hanson wins face-off versus Antti Suomela in Monsters zone.
2:45 of 3rd period - Wrist shot by Antti Suomela.
2:45 of 3rd period - Stopped by Eric Comrie without a rebound.
2:46 of 3rd period - Christian Hanson wins face-off versus Kyle Rau in Monsters zone.
3:00 of 3rd period - Wrist shot by Mitch Marner.
3:00 of 3rd period - Shot Misses the Net.
3:02 of 3rd period - Snap shot by Patrik Laine.
3:02 of 3rd period - Shot Blocked by Kyle Rau.
3:34 of 3rd period - Slapshot by Jeff Petry.
3:34 of 3rd period - Stopped by Eric Comrie with a rebound.
3:36 of 3rd period - Backhand shot by Kyle Rau.
3:36 of 3rd period - Shot Blocked by Jared Knight.
3:38 of 3rd period - Wrist shot by Alexandre Grenier.
3:38 of 3rd period - Shot Blocked by Matt Grzelcyk.
3:40 of 3rd period - Slapshot by Jakub Zboril.
3:40 of 3rd period - Stopped by Eric Comrie without a rebound.
3:41 of 3rd period - Sebastian Aho wins face-off versus Matt Calvert in Monsters zone.
4:35 of 3rd period - Wrist shot by Joe Morrow.
4:35 of 3rd period - Stopped by Eric Comrie with a rebound.
4:37 of 3rd period - Wrist shot by Jeffrey Foss.
4:37 of 3rd period - Shot Misses the Net.
4:39 of 3rd period - Slapshot by Jeffrey Foss.
4:39 of 3rd period - Shot Misses the Net.
4:49 of 3rd period - Patrik Laine is hit by Thomas Spelling and loses puck.
6:28 of 3rd period - Slapshot by Matt Grzelcyk.
6:28 of 3rd period - Stopped by Laurent Brossoit with a rebound.
6:46 of 3rd period - Slapshot by Victor Mete.
6:46 of 3rd period - Deflect By Richard Nejezchleb.
6:46 of 3rd period - Stopped by Laurent Brossoit without a rebound.
6:47 of 3rd period - Sebastian Aho wins face-off versus Maxim Mamin in Wolves zone.
6:54 of 3rd period - Snap shot by Richard Nejezchleb.
6:54 of 3rd period - Shot Blocked by Jeff Petry.
6:56 of 3rd period - Slapshot by Victor Mete.
6:56 of 3rd period - Shot Blocked by Jeff Petry.
6:58 of 3rd period - Slapshot by Victor Mete.
6:58 of 3rd period - Deflect By Richard Nejezchleb.
6:58 of 3rd period - Stopped by Laurent Brossoit with a rebound.
7:00 of 3rd period - Snap shot by Maxim Mamin.
7:00 of 3rd period - Shot Misses the Net.
7:02 of 3rd period - Snap shot by Austin Watson.
7:02 of 3rd period - Shot Misses the Net.
7:29 of 3rd period - Jared Knight is hit by Lawson Crouse and loses puck.
7:44 of 3rd period - Slapshot by Joakim Nordstrom.
7:44 of 3rd period - Stopped by Laurent Brossoit with a rebound.
7:46 of 3rd period - Slapshot by Ryan Fitzgerald.
7:46 of 3rd period - Deflect By Bobby Farnham.
7:46 of 3rd period - Shot Misses the Net.
7:46 of 3rd period - Puck is out of play.
7:47 of 3rd period - Christian Hanson wins face-off versus Sebastian Aho in Wolves zone.
7:54 of 3rd period - Thomas Spelling is hit by Patrik Laine and loses puck.
8:13 of 3rd period - Ryan Fitzgerald is hit by Alexandre Grenier and loses puck.
8:40 of 3rd period - Matt Calvert is hit by Fredrik Olofsson and loses puck.
9:15 of 3rd period - Patrik Laine is hit by Jake Evans and loses puck.
9:54 of 3rd period - Minor Penalty to Alexandre Grenier for Cross-checking.
9:55 of 3rd period - Christian Hanson wins face-off versus Kyle Rau in Wolves zone.
9:55 of 3rd period - Slapshot by Mitch Marner.
9:55 of 3rd period - Shot Misses the Net.
9:57 of 3rd period - Slapshot by Matt Grzelcyk.
9:57 of 3rd period - Stopped by Laurent Brossoit without a rebound.
9:58 of 3rd period - Kyle Rau wins face-off versus Christian Hanson in Wolves zone.
10:09 of 3rd period - Snap shot by Matt Calvert.
10:09 of 3rd period - Stopped by Laurent Brossoit without a rebound.
10:10 of 3rd period - Christian Hanson wins face-off versus Kyle Rau in Wolves zone.
10:39 of 3rd period - Slapshot by Morgan Rielly.
10:39 of 3rd period - Stopped by Laurent Brossoit without a rebound.
10:40 of 3rd period - Sebastian Aho wins face-off versus Christian Hanson in Wolves zone.
11:30 of 3rd period - Kyle Rau is hit by Aaron Ness and loses puck.
11:54 of 3rd period - Penalty to Alexandre Grenier is over, Alexandre Grenier is back on ice.
12:09 of 3rd period - Ryan Fitzgerald is hit by Antti Suomela and loses puck.
12:17 of 3rd period - Off-side.
12:18 of 3rd period - Maxim Mamin wins face-off versus Thomas Spelling in neutral zone.
12:29 of 3rd period - Snap shot by Jeff Petry.
12:29 of 3rd period - Shot Misses the Net.
12:31 of 3rd period - Snap shot by Thomas Spelling.
12:31 of 3rd period - Stopped by Eric Comrie without a rebound.
12:32 of 3rd period - Mitch Marner wins face-off versus Lawson Crouse in Monsters zone.
12:32 of 3rd period - Mitch Marner is hit by Alexandre Grenier.
12:45 of 3rd period - Dillon Heatherington is hit by Lawson Crouse and loses puck.
13:24 of 3rd period - Snap shot by Victor Olofsson.
13:24 of 3rd period - Shot Misses the Net.
13:28 of 3rd period - Snap shot by Antti Suomela.
13:28 of 3rd period - Stopped by Eric Comrie with a rebound.
13:41 of 3rd period - Off-side.
13:42 of 3rd period - Jake Evans wins face-off versus Maxim Mamin in neutral zone.
13:55 of 3rd period - Dillon Heatherington is hit by Jake Evans and loses puck.
14:15 of 3rd period - Snap shot by Wade Allison.
14:15 of 3rd period - Stopped by Eric Comrie with a rebound.
14:23 of 3rd period - Matt Grzelcyk is hit by Kieffer Bellows.
14:27 of 3rd period - Snap shot by Austin Watson.
14:27 of 3rd period - Shot Misses the Net.
14:35 of 3rd period - Wade Allison is hit by Austin Watson and loses puck.
15:16 of 3rd period - Snap shot by Maxim Mamin.
15:16 of 3rd period - Stopped by Laurent Brossoit with a rebound.
15:18 of 3rd period - Slapshot by Dillon Heatherington.
15:18 of 3rd period - Shot Blocked by Jalen Chatfield.
15:20 of 3rd period - Slapshot by Dillon Heatherington.
15:20 of 3rd period - Shot Misses the Net.
15:22 of 3rd period - Wrist shot by Richard Nejezchleb.
15:22 of 3rd period - Stopped by Laurent Brossoit without a rebound.
15:23 of 3rd period - Kyle Rau wins face-off versus Christian Hanson in Wolves zone.
16:14 of 3rd period - Slapshot by Matt Calvert.
16:14 of 3rd period - Stopped by Laurent Brossoit with a rebound.
16:16 of 3rd period - Backhand shot by Ondrej Kase.
16:16 of 3rd period - Shot Misses the Net.
16:18 of 3rd period - Slapshot by Matt Calvert.
16:18 of 3rd period - Goal by Matt Calvert - Monsters : 2 - Wolves : 2.
16:19 of 3rd period - Christian Hanson wins face-off versus Kyle Rau in neutral zone.
16:22 of 3rd period - Snap shot by Patrik Laine.
16:22 of 3rd period - Shot Blocked by Alexandre Grenier.
16:30 of 3rd period - Snap shot by Christian Hanson.
16:30 of 3rd period - Shot Hit the Post.
16:44 of 3rd period - Bobby Farnham is hit by Joe Morrow and loses puck.
17:17 of 3rd period - Matt Calvert is hit by Thomas Spelling and loses puck.
18:08 of 3rd period - Kyle Rau is hit by Ryan Fitzgerald and loses puck.
Goals for this period are 1 for Monsters vs 0 for Wolves.
Shots for this period are 13 for Monsters vs 9 for Wolves.
Overtime #1
0:01 of 1st overtime period - Kyle Rau wins face-off versus Christian Hanson in neutral zone.
0:41 of 1st overtime period - Icing by Kyle Rau.
0:42 of 1st overtime period - Jared Knight wins face-off versus Sebastian Aho in Wolves zone.
0:53 of 1st overtime period - Sebastian Aho is hit by Jared Knight.
0:57 of 1st overtime period - Slapshot by Jeffrey Foss.
0:57 of 1st overtime period - Deflect By Sebastian Aho.
0:57 of 1st overtime period - Shot Misses the Net.
0:57 of 1st overtime period - Puck is out of play.
0:58 of 1st overtime period - Kyle Rau wins face-off versus Christian Hanson in Monsters zone.
0:59 of 1st overtime period - Slapshot by Lawson Crouse.
0:59 of 1st overtime period - Stopped by Eric Comrie with a rebound.
1:07 of 1st overtime period - Slapshot by Mitch Marner.
1:07 of 1st overtime period - Stopped by Laurent Brossoit with a rebound.
1:09 of 1st overtime period - Slapshot by Morgan Rielly.
1:09 of 1st overtime period - Shot Blocked by Anton Lindholm.
1:11 of 1st overtime period - Snap shot by Christian Hanson.
1:11 of 1st overtime period - Stopped by Laurent Brossoit with a rebound.
1:43 of 1st overtime period - Snap shot by Eric Robinson.
1:43 of 1st overtime period - Deflect By Sebastian Aho.
1:43 of 1st overtime period - Stopped by Eric Comrie with a rebound.
2:09 of 1st overtime period - Wrist shot by Victor Olofsson.
2:09 of 1st overtime period - Stopped by Eric Comrie with a rebound.
2:15 of 1st overtime period - Wrist shot by Thomas Spelling.
2:15 of 1st overtime period - Stopped by Eric Comrie without a rebound.
2:16 of 1st overtime period - Kyle Rau wins face-off versus Christian Hanson in Monsters zone.
2:49 of 1st overtime period - Matt Calvert is hit by Sebastian Aho and loses puck.
3:34 of 1st overtime period - Thomas Spelling is hit by Mitch Marner and loses puck.
3:53 of 1st overtime period - Slapshot by Austin Watson.
3:53 of 1st overtime period - Stopped by Laurent Brossoit with a rebound.
4:49 of 1st overtime period - Wrist shot by Ondrej Kase.
4:49 of 1st overtime period - Stopped by Laurent Brossoit without a rebound.
4:50 of 1st overtime period - Jared Knight wins face-off versus Antti Suomela in Wolves zone.
Goals for this period are 0 for Monsters vs 0 for Wolves.
Shots for this period are 4 for Monsters vs 4 for Wolves.
ShootOut
5:00 of 1st overtime period - Round #1.
5:00 of 1st overtime period - Monsters, Mitch Marner.
5:00 of 1st overtime period - Wrist shot by Mitch Marner.
5:00 of 1st overtime period - Shot Misses the Net.
5:00 of 1st overtime period - Wolves, Alexandre Grenier.
5:00 of 1st overtime period - Snap shot by Alexandre Grenier.
5:00 of 1st overtime period - Shot Misses the Net.
5:00 of 1st overtime period - Round #2.
5:00 of 1st overtime period - Monsters, Matt Calvert.
5:00 of 1st overtime period - Wrist shot by Matt Calvert.
5:00 of 1st overtime period - Goal by Matt Calvert.
5:00 of 1st overtime period - Wolves, Kyle Rau.
5:00 of 1st overtime period - Wrist shot by Kyle Rau.
5:00 of 1st overtime period - Shot Misses the Net.
5:00 of 1st overtime period - Round #3.
5:00 of 1st overtime period - Monsters, Christian Hanson.
5:00 of 1st overtime period - Snap shot by Christian Hanson.
5:00 of 1st overtime period - Goal by Christian Hanson.